[Event "Titled Tuesday Blitz June 27 Early 2023"]
[White "Ismagilov, Damir"]
[Black "Gutkin, Ilya"]
[WhiteFideId "34199982"]
[BlackFideId "16203470"]
[WhiteElo "2537"]
[BlackElo "2351"]
[Result "1-0"]
[Round "4"]
[TimeControl "180+2"]
[Date "2023.06.27"]
[WhiteClock "0:00:43"]
[BlackClock "0:00:11"]
[Board "161"]

1. d4 d5 2. Bf4 c5 3. e3 Nc6 4. c3 Bf5 5. Nd2 e6 6. Qb3 Qb6 7. Qxb6 axb6 8. Bc7 Kd7 9. Bxb6 c4 10. e4 Bg6 11. f4 Ra6 12. Bc5 Bxc5 13. dxc5 Nge7 14. Ngf3 Rha8 15. a3 Ra5 16. f5 exf5 17. exd5 Nxd5 18. Nxc4 Rxc5 19. O-O-O Kc7 20. Nd4 Nxd4 21. Rxd4 Nf6 22. Be2 Re8 23. Bf3 Ne4 24. Rhd1 Re7 25. Nd6 Nxd6 26. Rxd6 f4 27. R6d4 Rf5 28. Rc4+ Kb8 29. Rd8+ Ka7 30. Ra4+ Kb6 31. Rb4+ Ka7 32. Ra4+ Kb6 33. Rda8 Bh5 34. Rb4+ Kc5 35. Ra5+ 1-0


[Site "https://www.chess.com"]

[Event "Titled Tuesday Blitz June 27 Early 2023"]
[White "Vasques, Antonio Pedro Freixial"]
[Black "Chor, Kevin"]
[WhiteFideId "1908332"]
[BlackFideId "2090740"]
[WhiteElo "2351"]
[BlackElo "2536"]
[Result "0-1"]
[Round "4"]
[TimeControl "180+2"]
[Date "2023.06.27"]
[WhiteClock "0:01:31"]
[BlackClock "0:01:36"]
[Board "162"]

1. d4 Nf6 2. Bg5 Ne4 3. Bf4 c5 4. f3 Qa5+ 5. c3 Nf6 6. Nd2 cxd4 7. Nc4 Qf5 8. Qxd4 Nc6 9. Qd2 d5 10. Na3 e5 11. Bg3 Bc5 12. Nh3 O-O 13. Bf2 Bxa3 14. bxa3 Rd8 15. e3 d4 16. cxd4 exd4 17. e4 Qc5 18. Bd3 Bxh3 19. gxh3 Qxa3 20. O-O Ne5 21. Be2 Qxf3 22. Bxf3 Nxf3+ 0-1


[Site "https://www.chess.com"]

[Event "Titled Tuesday Blitz June 27 Early 2023"]
[White "Ankerst, Mihael"]
[Black "kuanysh1981"]
[WhiteFideId "14602369"]
[WhiteElo "2349"]
[BlackElo "2534"]
[Result "0-1"]
[Round "4"]
[TimeControl "180+2"]
[Date "2023.06.27"]
[WhiteClock "0:00:00"]
[BlackClock "0:00:15"]
[Board "163"]

1. e4 c5 2. Nf3 e6 3. d4 cxd4 4. Nxd4 a6 5. c4 Qc7 6. Nc3 Nf6 7. Be2 Nc6 8. O-O Nxd4 9. Qxd4 Bc5 10. Qd3 h5 11. Be3 Ng4 12. Bxg4 hxg4 13. g3 d6 14. Bd4 f6 15. a3 Bd7 16. b4 Bxd4 17. Qxd4 Rc8 18. Rac1 Ke7 19. Rfd1 Be8 20. Ne2 Bf7 21. Nf4 g5 22. c5 dxc5 23. Rxc5 Qd8 24. Rxc8 Qxd4 25. Rc7+ Kd8 26. Rxd4+ Kxc7 27. Ng2 e5 28. Rd1 Rd8 29. Rxd8 Kxd8 30. Ne3 Be6 31. Kf1 Kc7 32. Ke1 Kc6 33. Kd2 b6 34. Kc3 a5 35. bxa5 bxa5 36. Kb2 Kc5 37. Kc3 Bd7 38. Nd5 f5 39. Nf6 Be6 40. exf5 Bxf5 41. Ne8 Kc6 42. Ng7 Bd7 43. Nh5 Kd6 44. Nf6 Bf5 45. Kc4 Ke6 46. Ne8 Kd7 47. Nf6+ Ke6 48. Ne8 Be4 49. Kb5 Ke7 50. Nc7 Kd6 51. Na6 Bd3+ 52. Kxa5 Kd5 53. Nb4+ Kd4 54. Nxd3 Kxd3 55. a4 e4 56. Kb6 Ke2 57. a5 Kxf2 58. a6 e3 59. a7 e2 60. a8=Q e1=Q 61. Qa2+ Qe2 0-1


[Site "https://www.chess.com"]

[Event "Titled Tuesday Blitz June 27 Early 2023"]
[White "Bogaudinov, Rushan"]
[Black "slidingknight2775"]
[WhiteFideId "4129288"]
[WhiteElo "2349"]
[BlackElo "2529"]
[Result "0-1"]
[Round "4"]
[TimeControl "180+2"]
[Date "2023.06.27"]
[WhiteClock "0:00:00"]
[BlackClock "0:00:05"]
[Board "164"]

1. e4 c5 2. Nf3 Nc6 3. Bb5 g6 4. O-O Bg7 5. Bxc6 dxc6 6. Re1 e5 7. d3 Qe7 8. a4 a5 9. Bg5 Qc7 10. Be3 Qe7 11. Na3 Nf6 12. Nc4 Nd7 13. Bd2 b6 14. h4 h6 15. Qe2 O-O 16. h5 g5 17. Nh2 Rb8 18. g4 Re8 19. Nf1 Nf6 20. f3 Nh7 21. Ng3 Rd8 22. Be3 f6 23. Qf2 Qc7 24. Red1 Nf8 25. c3 Ba6 26. b3 Ne6 27. Nf5 Bf8 28. Rd2 Kh7 29. Rb1 Ng7 30. Nxg7 Bxg7 31. Nb2 Rd7 32. Qe2 Rbd8 33. Kf2 Bf8 34. Ke1 Kg7 35. Bf2 Rd6 36. Nc4 R6d7 37. Ne3 Rf7 38. Nf5+ Kh7 39. Be3 Bc8 40. Ng3 Be6 41. Kf2 Rfd7 42. Qf1 Kg8 43. Nf5 Bxf5 44. gxf5 Kh7 45. Kg3 b5 46. axb5 cxb5 47. Ra1 c4 48. bxc4 bxc4 49. Rad1 cxd3 50. Rxd3 Bg7 51. Rxd7 Rxd7 52. Rxd7 Qxd7 53. Qc4 a4 54. Qb4 Kg8 55. Bc5 Qc6 56. Qb8+ Kh7 57. Qd6 Qxd6 58. Bxd6 Kg8 59. Kf2 Bf8 0-1


[Site "https://www.chess.com"]

[Event "Titled Tuesday Blitz June 27 Early 2023"]
[White "Turzo, Attila"]
[Black "Ng, Clive"]
[WhiteFideId "704954"]
[BlackFideId "3214869"]
[WhiteElo "2525"]
[BlackElo "2347"]
[Result "1-0"]
[Round "4"]
[TimeControl "180+2"]
[Date "2023.06.27"]
[WhiteClock "0:00:07"]
[BlackClock "0:00:00"]
[Board "165"]

1. d4 Nf6 2. c4 e6 3. g3 d5 4. Bg2 Bb4+ 5. Bd2 Be7 6. Nf3 O-O 7. O-O Nbd7 8. Qc2 c6 9. Rc1 b6 10. b4 Bb7 11. a4 Rc8 12. c5 bxc5 13. bxc5 Ba6 14. Bf4 Nh5 15. Nc3 Nxf4 16. gxf4 Rb8 17. Rcb1 Qc7 18. e3 Rxb1+ 19. Rxb1 Rb8 20. Bf1 Rxb1 21. Qxb1 Bxf1 22. Kxf1 Qb8 23. Qxb8+ Nxb8 24. Ne5 f6 25. Nd3 Bd8 26. Na2 Ba5 27. Nac1 Kf7 28. Nb3 Bc7 29. a5 Na6 30. Ke2 Ke7 31. Kd2 Kd7 32. Kc3 Kc8 33. Ne1 Bd8 34. Nf3 Nc7 35. Kb4 Na6+ 36. Ka4 Nc7 37. Nh4 Kd7 38. f5 e5 39. Nf3 e4 40. Nh4 Nb5 41. Kb4 Ke7 42. Ng2 Kf7 43. Nf4 Nc7 44. Nc1 g6 45. fxg6+ hxg6 46. Nce2 g5 47. Nh5 Kg6 48. Nhg3 f5 49. h3 Na6+ 50. Ka4 Bc7 51. Nf1 f4 52. Nc3 Kf5 53. Na2 Bd8 54. Nh2 Nb8 55. Ng4 Bc7 56. Nb4 fxe3 57. fxe3 Bg3 58. a6 Bc7 59. Nh6+ Kg6 60. Ng4 Kf5 61. Nh6+ Kg6 62. Ng4 Kh5 63. Nf6+ Kh4 64. Nfxd5 cxd5 65. Nxd5 Bg3 66. Nf6 Kxh3 67. d5 g4 68. d6 Be5 69. Nxe4 g3 70. Nxg3 Kxg3 71. Kb5 Kf3 72. Kc4 Ke4 73. Kb5 Kd5 74. d7 Nxd7 75. c6 Nb6 76. Ka5 Bc7 77. e4+ Kxc6 78. e5 Kd5 79. Kb5 1-0


[Site "https://www.chess.com"]

[Event "Titled Tuesday Blitz June 27 Early 2023"]
[White "Lehtosaari, Mauri"]
[Black "Adireddy Arjun"]
[WhiteFideId "501999"]
[BlackFideId "25647709"]
[WhiteElo "2522"]
[BlackElo "2330"]
[Result "0-1"]
[Round "4"]
[TimeControl "180+2"]
[Date "2023.06.27"]
[WhiteClock "0:00:00"]
[BlackClock "0:00:02"]
[Board "166"]

1. d4 d5 2. f4 Nf6 3. Nf3 g6 4. Be3 Bg7 5. Bf2 Ne4 6. e3 Nxf2 7. Kxf2 c5 8. c3 Nc6 9. Nbd2 cxd4 10. cxd4 O-O 11. Bb5 f6 12. Rf1 e5 13. Kg1 e4 14. Ne1 Ne7 15. Qb3 Qd6 16. Nxe4 Qb6 17. Nc3 Be6 18. Be2 Qxb3 19. axb3 Bf7 20. Nd3 Nf5 21. Kf2 Rfe8 22. Nd1 Rec8 23. Rc1 Rxc1 24. Nxc1 Rc8 25. Nc3 Re8 26. Nd1 Rc8 27. Nc3 Re8 28. Bf3 Rxe3 29. Nxd5 Rxf3+ 30. Kxf3 Bxd5+ 31. Kf2 Nxd4 32. Rd1 f5 33. Ne2 Nxe2 34. Rxd5 Nxf4 35. Rd8+ Bf8 36. Rd7 b5 37. Kf3 Ne6 38. Rxa7 Nd4+ 39. Kf4 Nxb3 40. Ke5 Nc5 41. Kd5 Nd3 42. Rb7 b4 43. b3 Nf4+ 44. Ke5 Nxg2 45. Ke6 Nf4+ 46. Kd7 Nd3 47. Ke8 f4 48. Rf7 Bc5 49. Rd7 Ne5 50. Rd5 f3 51. Rxc5 f2 52. Rc1 Nd3 53. Rf1 g5 54. Ke7 Kg7 55. Ke6 Kg6 56. Kd5 Kf5 57. Kc4 Kf4 58. Kxd3 Kf3 59. Kd2 g4 60. Kd3 h5 0-1


[Site "https://www.chess.com"]

[Event "Titled Tuesday Blitz June 27 Early 2023"]
[White "Keleberda, Tymur"]
[Black "Vifleemskaia, Svetlana"]
[WhiteFideId "14174294"]
[BlackFideId "4129490"]
[WhiteElo "2519"]
[BlackElo "2323"]
[Result "0-1"]
[Round "4"]
[TimeControl "180+2"]
[Date "2023.06.27"]
[WhiteClock "0:02:09"]
[BlackClock "0:00:49"]
[Board "167"]

1. e4 e5 2. Nf3 Nc6 3. Bc4 Nf6 4. d4 exd4 5. e5 d5 6. Bb5 Ne4 7. Nxd4 Bd7 8. Bxc6 bxc6 9. O-O Bc5 10. f3 Ng5 11. f4 Ne4 12. Be3 Bb6 13. Nd2 Nxd2 14. Qxd2 c5 15. Nb3 d4 16. Bf2 O-O 17. c4 Bf5 18. a4 a5 19. Nc1 Qd7 20. Ra3 Qc6 21. Nd3 Be4 22. Bh4 f5 23. Re1 Rae8 24. Nf2 Bxg2 25. Rg3 Be4 26. Nxe4 fxe4 27. Qg2 g6 28. Rxe4 Rf5 29. Bf6 Rxf6 30. exf6 Qxe4 31. Qxe4 Rxe4 32. f5 Kf7 33. fxg6+ hxg6 34. Kf2 Rf4+ 35. Ke2 Kxf6 36. Rh3 Rg4 37. Kd3 Rg2 38. b3 Rb2 39. Ke4 Re2+ 40. Kd3 Re3+ 41. Rxe3 dxe3 42. Kxe3 Ke5 43. Kf3 Kf5 44. Ke3 c6 45. Kf3 Bc7 46. h3 g5 47. Ke3 Bf4+ 48. Kf3 Bc1 49. Ke2 Kf4 50. Kd1 Be3 51. Ke2 Bd4 52. Kd3 Kg3 53. Ke4 Kxh3 54. Kf5 g4 55. Ke6 g3 56. Kd6 g2 57. Kxc6 g1=Q 58. b4 cxb4 59. Kb5 b3 60. c5 Bxc5 61. Kxa5 b2 62. Ka6 b1=Q 63. a5 Qd3+ 64. Kb7 Qb5+ 65. Kc8 Qxa5 66. Kb7 Qb6+ 67. Kc8 Qa7 68. Kd8 Qg8# 0-1


[Site "https://www.chess.com"]

[Event "Titled Tuesday Blitz June 27 Early 2023"]
[White "Silvestre, Christian"]
[Black "Gamayev, Oleg"]
[WhiteFideId "30956269"]
[BlackFideId "2802813"]
[WhiteElo "2322"]
[BlackElo "2518"]
[Result "1-0"]
[Round "4"]
[TimeControl "180+2"]
[Date "2023.06.27"]
[WhiteClock "0:00:56"]
[BlackClock "0:01:07"]
[Board "168"]

1. c4 d6 2. b3 e5 3. Bb2 Nf6 4. e3 Be7 5. d4 exd4 6. Bxd4 O-O 7. Bb2 Re8 8. Nc3 c6 9. Nf3 Nbd7 10. Bd3 Ne5 11. Be2 Qc7 12. O-O a5 13. Qc2 Bf8 14. Rad1 Bg4 15. Nd4 Bc8 16. Rd2 Nfd7 17. Rfd1 Nb6 18. a4 Nbd7 19. Ba3 Nf6 20. Nf3 Nxf3+ 21. Bxf3 Bg4 22. Bxd6 Bxd6 23. Rxd6 Bxf3 24. gxf3 Rad8 25. c5 Rd7 26. Ne4 Rxd6 27. cxd6 Qd8 28. Nc5 Nd5 29. d7 Re7 30. e4 b6 31. exd5 bxc5 32. dxc6 Re5 33. f4 Re6 34. c7 1-0


[Site "https://www.chess.com"]

[Event "Titled Tuesday Blitz June 27 Early 2023"]
[White "Mogirzan, Matei-Valeriu"]
[Black "Osinovsky, Stepan"]
[WhiteFideId "1257455"]
[BlackFideId "4157354"]
[WhiteElo "2518"]
[BlackElo "2317"]
[Result "1-0"]
[Round "4"]
[TimeControl "180+2"]
[Date "2023.06.27"]
[WhiteClock "0:00:03"]
[BlackClock "0:00:00"]
[Board "169"]

1. e4 e5 2. Nf3 Nc6 3. Bc4 Nf6 4. d4 exd4 5. O-O Bc5 6. e5 d5 7. exf6 dxc4 8. Re1+ Be6 9. fxg7 Rg8 10. Bg5 Be7 11. Bxe7 Kxe7 12. Nh4 Qd5 13. Nc3 Qg5 14. Nf3 Qxg7 15. Nd5+ Kd6 16. Nf4 Bd5 17. g3 Rae8 18. Nh4 Rxe1+ 19. Qxe1 Qg4 20. Kf1 Ne5 21. Rd1 c5 22. b4 Nf3 23. bxc5+ Kc6 24. Nxf3 Qxf3 25. Nxd5 Qh1+ 26. Ke2 Qxd5 27. Qa5 Qxc5 28. Qa4+ b5 29. Qa6+ Qb6 30. Qa3 Re8+ 31. Kf1 a5 32. Qf3+ 1-0


[Site "https://www.chess.com"]

[Event "Titled Tuesday Blitz June 27 Early 2023"]
[White "Biriukov, Ilja"]
[Black "Berezin, Viktor"]
[WhiteFideId "4113373"]
[BlackFideId "14107872"]
[WhiteElo "2314"]
[BlackElo "2515"]
[Result "0-1"]
[Round "4"]
[TimeControl "180+2"]
[Date "2023.06.27"]
[WhiteClock "0:00:00"]
[BlackClock "0:00:09"]
[Board "170"]

1. c4 Nf6 2. Nc3 g6 3. d4 Bg7 4. Nf3 O-O 5. Bg5 d6 6. e3 c6 7. Be2 Nbd7 8. O-O e5 9. h3 Qc7 10. Qc2 h6 11. Bh4 Re8 12. Rad1 Nf8 13. c5 exd4 14. cxd6 Qxd6 15. Bg3 Qc5 16. Nxd4 Ne6 17. Nb3 Qb6 18. Na4 Qb4 19. Nac5 Nxc5 20. Nxc5 Bf5 21. Bd3 Bxd3 22. Rxd3 b6 23. Nb3 c5 24. a3 Qa4 25. Na1 Qb5 26. Rfd1 Ne4 27. Rb3 Qc6 28. Bf4 b5 29. Rbd3 c4 30. Rd7 Qf6 31. f3 Nc5 32. R7d2 Nd3 33. b3 Nxf4 34. exf4 Qxf4 35. bxc4 bxc4 36. Re2 Bd4+ 37. Kf1 Bb6 38. Re4 Qh2 39. Rde1 Qg1+ 40. Ke2 Qxg2+ 41. Kd1 Qxf3+ 42. Kc1 Qxa3+ 43. Kb1 Qb4+ 44. Kc1 Qxe1+ 45. Rxe1 Rxe1+ 46. Kd2 Ba5+ 0-1


[Site "https://www.chess.com"]

[Event "Titled Tuesday Blitz June 27 Early 2023"]
[White "Liu, Casper"]
[Black "Blokhin, Sofia"]
[WhiteFideId "1454153"]
[BlackFideId "4508190"]
[WhiteElo "2512"]
[BlackElo "2312"]
[Result "1-0"]
[Round "4"]
[TimeControl "180+2"]
[Date "2023.06.27"]
[WhiteClock "0:00:25"]
[BlackClock "0:00:06"]
[Board "171"]

1. g3 g6 2. Bg2 Bg7 3. Nf3 f5 4. O-O Nf6 5. d3 O-O 6. Nbd2 d6 7. e4 Nc6 8. c3 fxe4 9. dxe4 e5 10. Ng5 Ng4 11. Qb3+ Kh8 12. Nf7+ Rxf7 13. Qxf7 Bd7 14. Nf3 Nf6 15. Ng5 h6 16. Ne6 Bxe6 17. Qxe6 Kh7 18. Be3 Qf8 19. h3 d5 20. h4 Re8 21. Qh3 dxe4 22. Rad1 Ne7 23. Bc5 Qf7 24. Rfe1 Nf5 25. Bxe4 Nxe4 26. Rxe4 Qxa2 27. h5 Qf7 28. hxg6+ Qxg6 29. Rd7 Kg8 30. Rg4 Qc6 31. Rgxg7+ Nxg7 32. Qg4 Qf6 33. Rxc7 h5 34. Qc4+ Kh8 35. Rf7 Qg6 36. Bf8 Ne6 37. Re7 Nxf8 38. Rxb7 Rd8 39. Qc5 Rd1+ 40. Kh2 Qf5 41. Qe3 Rf1 42. Qh6+ Nh7 43. Qg7# 1-0


[Site "https://www.chess.com"]

[Event "Titled Tuesday Blitz June 27 Early 2023"]
[White "Alvarado Diaz, Alejandro"]
[Black "rikchessmx"]
[WhiteFideId "2276119"]
[WhiteElo "2511"]
[BlackElo "2303"]
[Result "1-0"]
[Round "4"]
[TimeControl "180+2"]
[Date "2023.06.27"]
[WhiteClock "0:00:35"]
[BlackClock "0:01:33"]
[Board "172"]

1. d4 Nf6 2. c4 e6 3. Nc3 d5 4. cxd5 exd5 5. Bg5 Nbd7 6. e3 Be7 7. Bd3 O-O 8. Nge2 Re8 9. O-O c6 10. Qc2 g6 11. Rad1 Nh5 12. Bxe7 Qxe7 13. a3 a5 14. Na4 f5 15. Nc5 Ndf6 16. b4 Ng4 17. h3 Ngf6 18. b5 b6 19. Na4 cxb5 20. Bxb5 Bd7 21. Bxd7 Nxd7 22. Qc6 Nhf6 23. Nxb6 Nxb6 24. Qxb6 Reb8 25. Qc5 Qe6 26. Nf4 Qd7 27. Rb1 g5 28. Nd3 Ne4 29. Rxb8+ Rxb8 30. Qxa5 Nd2 31. Qxd2 1-0


[Site "https://www.chess.com"]

[Event "Titled Tuesday Blitz June 27 Early 2023"]
[White "Mikhaylova, Irina"]
[Black "Matyukov, Petr"]
[WhiteFideId "4109040"]
[BlackFideId "4103688"]
[WhiteElo "2299"]
[BlackElo "2509"]
[Result "1/2-1/2"]
[Round "4"]
[TimeControl "180+2"]
[Date "2023.06.27"]
[WhiteClock "0:00:49"]
[BlackClock "0:00:50"]
[Board "173"]

1. d4 Nf6 2. Nf3 e6 3. c4 b6 4. a3 Bb7 5. Nc3 d5 6. cxd5 Nxd5 7. Bd2 Be7 8. Qc2 O-O 9. e4 Nf6 10. Bd3 h6 11. Rd1 Nc6 12. e5 Ng4 13. Be3 Nxe3 14. fxe3 Bh4+ 15. Nxh4 Qxh4+ 16. Qf2 Qg5 17. Ne4 Qh5 18. Be2 Qg6 19. Bd3 Qh5 20. Be2 Qg6 21. Bd3 Qh5 1/2-1/2


[Site "https://www.chess.com"]

[Event "Titled Tuesday Blitz June 27 Early 2023"]
[White "Estrada Nieto, Julian"]
[Black "Antonio, Jorge Carlos"]
[WhiteFideId "5101018"]
[BlackFideId "113190"]
[WhiteElo "2507"]
[BlackElo "2288"]
[Result "1-0"]
[Round "4"]
[TimeControl "180+2"]
[Date "2023.06.27"]
[WhiteClock "0:00:18"]
[BlackClock "0:00:04"]
[Board "174"]

1. e4 c5 2. Nf3 e6 3. c3 Nc6 4. d4 cxd4 5. cxd4 d5 6. e5 Nge7 7. Bd3 Ng6 8. O-O Be7 9. Nc3 a6 10. g3 O-O 11. h4 Bxh4 12. Bxg6 fxg6 13. Nxh4 Qe8 14. Be3 Qf7 15. f4 Ne7 16. Qd3 Nf5 17. Nxf5 gxf5 18. Kg2 Bd7 19. Rh1 Rac8 20. Rac1 Rc4 21. b3 Rc7 22. a4 Rfc8 23. Ne2 b5 24. a5 b4 25. Qxa6 Rc2 26. Rxc2 Rxc2 27. Qd3 Ra2 28. a6 Qe8 29. Re1 Bb5 30. Qd1 Rxa6 31. Nc1 h6 32. Qd2 Qc8 33. Qxb4 Be8 34. Qd2 Bh5 35. Nd3 Qa8 36. Rc1 Ra2 37. Rc2 Ra1 38. Nc1 Qa6 39. Qc3 Kh7 40. b4 Ra3 41. Qd2 Qb5 42. Rb2 Bg4 43. Ne2 Rd3 44. Qc1 Bxe2 45. Rxe2 Rc3 46. Qxc3 Qxe2+ 47. Bf2 Qe4+ 48. Qf3 g5 49. Qxe4 fxe4 50. b5 gxf4 51. gxf4 Kg6 52. b6 Kf5 53. Be3 h5 54. b7 Kg4 55. b8=Q h4 56. Qg8+ 1-0


[Site "https://www.chess.com"]

[Event "Titled Tuesday Blitz June 27 Early 2023"]
[White "Gogolev, Artem"]
[Black "Georg, Heinz"]
[WhiteFideId "4116615"]
[BlackFideId "4607295"]
[WhiteElo "2505"]
[BlackElo "2288"]
[Result "1-0"]
[Round "4"]
[TimeControl "180+2"]
[Date "2023.06.27"]
[WhiteClock "0:00:11"]
[BlackClock "0:00:00"]
[Board "175"]

1. d4 f5 2. g3 Nf6 3. Bg2 g6 4. Nf3 Bg7 5. c3 O-O 6. O-O e6 7. Nbd2 d5 8. Ne5 Nbd7 9. Nd3 b6 10. c4 Bb7 11. Nf4 Qe7 12. cxd5 exd5 13. Qb3 c6 14. Nf3 Ne4 15. Nd3 Kh8 16. Bf4 Rac8 17. Nfe5 Ndf6 18. h4 Nd7 19. Qa4 a5 20. Rac1 Nxe5 21. Bxe5 Bxe5 22. Nxe5 c5 23. Qb5 cxd4 24. Nf3 Nd6 25. Qxb6 Nc4 26. Qxd4+ Kg8 27. b3 Nd6 28. Qe5 Qd7 29. Rfd1 Rfe8 30. Rxc8 Nxc8 31. Qd4 Re4 32. Qd2 Qe7 33. Nd4 Re5 34. Qxa5 f4 35. gxf4 Rh5 36. Nf3 Nd6 37. Rc1 Rf5 38. Rc7 Qe4 39. Rxb7 Nxb7 40. Qa8+ Rf8 41. Qxb7 Qb1+ 42. Kh2 Qxa2 43. Ng5 1-0


[Site "https://www.chess.com"]

[Event "Titled Tuesday Blitz June 27 Early 2023"]
[White "Zaichenko, Daria"]
[Black "Bagwe Gaurang"]
[WhiteFideId "4197453"]
[BlackFideId "45039895"]
[WhiteElo "2276"]
[BlackElo "2504"]
[Result "0-1"]
[Round "4"]
[TimeControl "180+2"]
[Date "2023.06.27"]
[WhiteClock "0:01:11"]
[BlackClock "0:00:34"]
[Board "176"]

1. e4 e5 2. Nf3 Nc6 3. Bc4 Nf6 4. d3 Be7 5. c3 O-O 6. Bb3 d5 7. Qe2 Bg4 8. h3 Bh5 9. Nbd2 Qd7 10. Nf1 Rad8 11. Ng3 Bg6 12. Bc2 Bc5 13. O-O Rfe8 14. Nh4 a5 15. Ngf5 Bxf5 16. Nxf5 dxe4 17. dxe4 Ne7 18. Bg5 Nxf5 19. Bxf6 gxf6 20. exf5 Qd2 21. Qg4+ Qg5 22. Qc4 b6 23. Rad1 Rd2 24. Bb3 Re7 25. Rxd2 Qxd2 26. Qg4+ Kf8 27. Qh5 Kg7 28. g4 e4 29. h4 e3 30. g5 exf2+ 31. Kg2 Qf4 32. g6 fxg6 33. fxg6 hxg6 34. Qd5 Qg4+ 35. Kh2 Bd6+ 36. Kh1 Qh3# 0-1


[Site "https://www.chess.com"]

[Event "Titled Tuesday Blitz June 27 Early 2023"]
[White "Vyatkin, Dmitry"]
[Black "Liu, Kelsey"]
[WhiteFideId "4171900"]
[BlackFideId "30944481"]
[WhiteElo "2503"]
[BlackElo "2287"]
[Result "1-0"]
[Round "4"]
[TimeControl "180+2"]
[Date "2023.06.27"]
[WhiteClock "0:00:29"]
[BlackClock "0:00:03"]
[Board "177"]

1. d4 Nf6 2. c4 e6 3. g3 d5 4. Nf3 Be7 5. Bg2 O-O 6. O-O dxc4 7. Qc2 a6 8. Qxc4 b5 9. Qc2 Bb7 10. Bd2 Nc6 11. e3 Rc8 12. Ne5 Nxe5 13. Bxb7 Nc4 14. Bxc8 Qxc8 15. b3 Nd6 16. Qc6 Nde4 17. Be1 Rd8 18. Nd2 Rd6 19. Qc2 Qb7 20. Nxe4 Nxe4 21. f3 Ng5 22. Kg2 h5 23. Rc1 Rd7 24. Qe2 Qb6 25. Bf2 c5 26. dxc5 Bxc5 27. e4 Bxf2 28. Qxf2 Qa5 29. Rfd1 Rxd1 30. Rxd1 Kh7 31. Qd2 Qxd2+ 32. Rxd2 1-0


[Site "https://www.chess.com"]

[Event "Titled Tuesday Blitz June 27 Early 2023"]
[White "Sarkar, Justin"]
[Black "Cesar Maestre, Bernardo"]
[WhiteFideId "2010011"]
[BlackFideId "24542547"]
[WhiteElo "2271"]
[BlackElo "2503"]
[Result "1-0"]
[Round "4"]
[TimeControl "180+2"]
[Date "2023.06.27"]
[WhiteClock "0:00:03"]
[BlackClock "0:00:14"]
[Board "178"]

1. e4 c6 2. d4 d5 3. e5 Bf5 4. g4 Bg6 5. e6 fxe6 6. Bd3 Bxd3 7. Qxd3 e5 8. dxe5 e6 9. f4 Qh4+ 10. Qg3 Be7 11. Nf3 Qxg3+ 12. hxg3 Nh6 13. g5 Nf5 14. Rh3 c5 15. g4 Nd4 16. Nxd4 cxd4 17. Nd2 Nc6 18. Nf3 Rc8 19. Bd2 Nb4 20. Nxd4 Nxc2+ 21. Nxc2 Rxc2 22. Rc1 Rxc1+ 23. Bxc1 Kd7 24. g6 h6 25. f5 Rc8 26. Bd2 Rc4 27. f6 gxf6 28. g7 Rxg4 29. Bxh6 fxe5 30. Rf3 Bh4+ 31. Kf1 e4 32. Rf4 Rxg7 33. Bxg7 Bg5 34. Rf7+ Kc6 35. Ke2 Bc1 36. Be5 Bg5 37. Rc7+ Kb6 38. Rd7 Kc5 39. Rxb7 d4 40. Rd7 d3+ 41. Kd1 Bh4 42. Rd4 Be7 43. Rxe4 Kd5 44. Re3 Bc5 45. Re1 Bb4 46. Bc3 Bc5 47. Rf1 e5 48. Rf5 Bd6 49. Rh5 Ke4 50. Rh4+ Kd5 51. Rg4 e4 52. Bd2 Kd4 53. Rh4 Bg3 54. Rh3 Bf2 55. b4 e3 56. Bxe3+ Bxe3 57. Rh7 Kc4 58. a3 Kb3 59. Rh3 Bb6 60. Rxd3+ Kb2 61. Kd2 a5 62. bxa5 Bxa5+ 63. Ke2 Bb6 64. a4 Ba5 65. Kf3 Kc2 66. Ke4 Bb6 67. Rh3 Ba5 68. Kd5 Kb2 69. Kc5 1-0


[Site "https://www.chess.com"]

[Event "Titled Tuesday Blitz June 27 Early 2023"]
[White "Bolanos, Fernando"]
[Black "Pham, Le Thao Nguyen"]
[WhiteFideId "3304094"]
[BlackFideId "12401226"]
[WhiteElo "2270"]
[BlackElo "2499"]
[Result "0-1"]
[Round "4"]
[TimeControl "180+2"]
[Date "2023.06.27"]
[WhiteClock "0:00:26"]
[BlackClock "0:00:15"]
[Board "179"]

1. e4 c5 2. Nf3 e6 3. d4 cxd4 4. Nxd4 a6 5. c4 Nf6 6. Nc3 Bb4 7. Qd3 Qc7 8. Be2 b6 9. f3 Bb7 10. a3 Be7 11. Be3 Nc6 12. O-O-O Ne5 13. Qc2 Rc8 14. Qb3 O-O 15. Kb1 Nxc4 16. Bxc4 Qxc4 17. Qxb6 Bxa3 18. Ncb5 axb5 19. Qxb7 Rb8 20. Qa6 Bc5 21. Qa2 d5 22. exd5 Nxd5 23. Bf2 Rfc8 24. Rd2 Bb4 25. Re2 Qd3+ 26. Ka1 Nc3 27. Re3 Qxe3 28. Bxe3 Nxa2 29. Kxa2 Bc5 30. Kb3 Rd8 31. Nc6 Bxe3 32. Nxb8 Rxb8 33. Rd1 e5 34. Rd7 Bd4 35. Kc2 g6 36. b3 b4 37. Rc7 Bc3 38. Rd7 Ra8 39. Kd3 Ra2 40. g4 Kg7 41. h4 Rd2+ 42. Ke4 Rxd7 43. h5 gxh5 44. gxh5 Rd4+ 45. Kf5 Rf4+ 46. Kg5 h6# 0-1


[Site "https://www.chess.com"]

[Event "Titled Tuesday Blitz June 27 Early 2023"]
[White "EdmundPlayer"]
[Black "Erzhanov, Arman"]
[BlackFideId "4138821"]
[WhiteElo "2266"]
[BlackElo "2497"]
[Result "0-1"]
[Round "4"]
[TimeControl "180+2"]
[Date "2023.06.27"]
[WhiteClock "0:00:40"]
[BlackClock "0:01:58"]
[Board "180"]

1. e4 d6 2. d4 Nf6 3. Nc3 c6 4. Nf3 Bg4 5. h3 Bxf3 6. Qxf3 e6 7. a4 d5 8. Bg5 Be7 9. e5 Nfd7 10. Bxe7 Qxe7 11. Nd1 O-O 12. Bd3 c5 13. c3 Nc6 14. O-O cxd4 15. cxd4 Nxd4 16. Qg3 Nc5 17. Bb1 Ne2+ 0-1


[Site "https://www.chess.com"]

[Event "Titled Tuesday Blitz June 27 Early 2023"]
[White "Czerw, Dawid"]
[Black "Feinig, Mario"]
[WhiteFideId "1145746"]
[BlackFideId "1618113"]
[WhiteElo "2491"]
[BlackElo "2265"]
[Result "1-0"]
[Round "4"]
[TimeControl "180+2"]
[Date "2023.06.27"]
[WhiteClock "0:00:23"]
[BlackClock "0:00:00"]
[Board "181"]

1. e4 e5 2. Nf3 d6 3. d4 exd4 4. Nxd4 Nf6 5. Nc3 Be7 6. g3 O-O 7. Bg2 Re8 8. O-O c6 9. h3 d5 10. exd5 cxd5 11. Bg5 Nc6 12. Re1 Nxd4 13. Qxd4 Be6 14. Ne2 h6 15. Be3 Rc8 16. c3 Ne4 17. Qxa7 Qd7 18. Nf4 Nc5 19. Nxe6 fxe6 20. Qb6 Rc6 21. Qb5 e5 22. Rad1 e4 23. Bxc5 Bxc5 24. Qb3 Rf6 25. Re2 Qf7 26. Qxd5 Rxf2 27. Rxf2 Bxf2+ 28. Kh2 e3 29. Qd3 Qc7 30. Qg6 1-0


[Site "https://www.chess.com"]

[Event "Titled Tuesday Blitz June 27 Early 2023"]
[White "Fudalej, Michal"]
[Black "Aggelis, Nikolaos"]
[WhiteFideId "1118781"]
[BlackFideId "4213220"]
[WhiteElo "2259"]
[BlackElo "2488"]
[Result "0-1"]
[Round "4"]
[TimeControl "180+2"]
[Date "2023.06.27"]
[WhiteClock "0:00:00"]
[BlackClock "0:00:28"]
[Board "182"]

1. Nf3 f5 2. e4 fxe4 3. Ng5 e5 4. d3 Nf6 5. dxe4 h6 6. Nf3 Nc6 7. Bc4 Bb4+ 8. Bd2 Bxd2+ 9. Nbxd2 d6 10. O-O Bg4 11. h3 Bh5 12. c3 Qd7 13. Re1 Bf7 14. Qb3 Rb8 15. Nh4 Bxc4 16. Nxc4 Qf7 17. Nf5 O-O 18. Rad1 Kh7 19. f3 g6 20. Ng3 h5 21. h4 Nd7 22. Ne3 Qf4 23. Qe6 Nc5 24. Qh3 Ne7 25. Re2 Rbe8 26. Ngf1 Qf7 27. Nd5 Nxd5 28. Rxd5 Qe6 29. Qxe6 Rxe6 30. b3 Rg8 31. Ne3 Re7 32. Rd1 Ne6 33. g3 Rf7 34. Kg2 Rgf8 35. Red2 Rxf3 36. Nd5 R3f7 37. b4 Kg7 38. Ne3 Ra8 39. a4 a5 40. b5 Nc5 41. Nd5 Nxe4 42. Rd3 Nc5 43. Re3 Nxa4 44. Ra1 Nc5 45. b6 Ne6 46. bxc7 Nxc7 47. Nb6 Ra6 48. Nc4 Ne6 0-1


[Site "https://www.chess.com"]